 Dungeon Crawl Stone Soup version 0.25-a0-651-g8c222c7a2b (webtiles) character file.

Game seed: 9348301384223603919, levelgen mode: deterministic

42870 ReteAZ the Fencer (level 14, 0/115 HPs)
             Began as a Barachi Fighter on Mar 22, 2020.
             Was the Champion of Zin.
             Slain by a redback (10 damage)
             ... on level 4 of the Lair of Beasts.
             The game lasted 00:41:19 (21276 turns).

ReteAZ the Fencer (Barachi Fighter)                Turns: 21276, Time: 00:41:20

Health: 0/115      AC: 14    Str: 26    XL:     14   Next: 21%
Magic:  17/17      EV: 18    Int: 17    God:    Zin [******]
Gold:   813        SH: 15    Dex: 13    Spells: 13/13 levels left

rFire    . . .     SeeInvis .   H - +4 long sword (freeze)
rCold    + + +     Gourm    .   c - +0 kite shield
rNeg     . . .     Faith    .   O - +2 ring mail of a Hundred Tales {rC+++ Str+9 Int-2 Slay+3}
rPois    +         Spirit   .   A - +2 hat
rElec    +         Reflect  +   (no cloak)
rCorr    .         Harm     .   (no gloves)
MR       ++...                  s - +2 pair of boots
Stlth    +.........             F - amulet "Vujitwio" {Reflect rElec MR+ Int+5 Dex-3 SH+2}
HPRegen  0.29/turn              G - ring "Rounosmu" {rPois Int+4}
MPRegen  0.15/turn              P - +2 ring of evasion

@: slow
A: +LOS, swims, slowness 1, subdued magic 2, strong legs 2
a: Hop, Recite, Vitalisation, Imprison, Sanctuary, Donate Gold, Renounce
Religion


You were on level 4 of the Lair of Beasts.
You worshipped Zin.
Zin was exalted by your worship.
You were hungry.

You visited 4 branches of the dungeon, and saw 19 of its levels.
You also visited: Sewer and Volcano.

You collected 1389 gold pieces.
You spent 438 gold pieces at shops.
You donated 138 gold pieces to Zin.

Inventory:

Hand Weapons
 a - a +0 long sword
 H - a +4 long sword of freezing (weapon)
 M - a +4 glaive of flaming
 N - the +5 spear of Bafoam {vorpal, rElec rPois Str-2 Dex+4}
   (You found it on level 3 of the Lair of Beasts)

   It inflicts extra damage upon your enemies.
   It affects your strength (-2).
   It affects your dexterity (+4).
   It insulates you from electricity.
   It protects you from poison.
 U - the +10 dagger "Atwes" {speed, MR++ Int+2}
   (You found it on level 4 of the Lair of Beasts)

   Attacks with this weapon are significantly faster.
   It affects your intelligence (+2).
   It affects your resistance to hostile enchantments.
Missiles
 z - 20 poisoned darts
 J - a throwing net (quivered)
Armour
 b - a +0 scale mail
 c - a +0 kite shield (worn)
 o - a +0 troll leather armour
 s - a +2 pair of boots (worn)
 y - the +1 leather armour of the Pleiades {Int+4 SInv}
   (You found it on level 4 of the Dungeon)

   It affects your intelligence (+4).
   It lets you see invisible.
 A - a +2 hat (worn)
 B - +0 pearl dragon scales
 O - the +2 ring mail of a Hundred Tales (worn) {rC+++ Str+9 Int-2 Slay+3}
   (You found it on level 1 of the Lair of Beasts)

   It affects your strength (+9).
   It affects your intelligence (-2).
   It affects your accuracy and damage with ranged weapons and melee attacks
   (+3).
   It renders you almost immune to cold.
 Q - a +3 scale mail of fire resistance
Jewellery
 D - an uncursed ring of ice
 F - the amulet "Vujitwio" (around neck) {Reflect rElec MR+ Int+5 Dex-3 SH+2}
   (You bought it in a shop on level 7 of the Dungeon)

   [amulet of reflection]

   It shields you and reflects attacks.
   It affects your intelligence (+5).
   It affects your dexterity (-3).
   It insulates you from electricity.
   It affects your resistance to hostile enchantments.
   It affects your SH (+2).
 G - the ring "Rounosmu" (left hand) {rPois Int+4}
   (You found it on level 9 of the Dungeon)

   [ring of poison resistance]

   It affects your intelligence (+4).
   It protects you from poison.
 P - a +2 ring of evasion (right hand)
 S - an uncursed ring of see invisible
 T - an uncursed ring of flight
 X - an uncursed amulet of guardian spirit {unknown}
Wands
 t - a wand of digging (7)
 I - a wand of disintegration (9)
 V - a wand of flame (7)
Scrolls
 d - 2 scrolls of amnesia {unknown}
 g - 9 scrolls of identify
 h - 10 scrolls of remove curse
 i - 2 scrolls of enchant weapon
 j - 5 scrolls of blinking {unknown}
 m - 5 scrolls of teleportation
 n - a scroll of noise
 r - a scroll of immolation
 u - a scroll of random uselessness
 x - 2 scrolls of fog
 E - a scroll of fear {unknown}
 K - 2 scrolls of magic mapping {unknown}
 L - a scroll of torment
 R - a scroll of silence {unknown}
Potions
 e - a potion of lignification
 k - 2 potions of flight
 l - 5 potions of degeneration
 p - 2 potions of mutation
 q - 5 potions of stabbing
 v - 2 potions of magic
 w - 2 potions of berserk rage
 C - 5 potions of curing
Comestibles
 f - 34 rations


   Skills:
 + Level 12.2 Fighting
 + Level 15.5 Long Blades
 + Level 9.8 Armour
 + Level 10.5 Dodging
 + Level 11.9 Shields
 - Level 5.0 Invocations
 - Level 5.0 Evocations


You had 13 spell levels left.
You didn't know any spells.
Your spell library contained the following spells:

 Spells                   Type           Power        Failure   Level  Hunger
 Infusion                 Chrm           #...         34%         1    ##.....
 Sandblast                Erth           #.....       34%         1    ##.....
 Sting                    Tmut/Pois      #...         34%         1    ##.....
 Passwall                 Tmut/Erth      #.......     50%         2    ###....
 Poisonous Vapours        Pois/Air       #.....       50%         2    ###....
 Song of Slaying          Chrm           #.......     50%         2    ###....
 Ignite Poison            Fire/Tmut/Pois #.......     75%         3    ####...
 Mephitic Cloud           Conj/Pois/Air  #.......     75%         3    ####...
 Stone Arrow              Conj/Erth      #.....       75%         3    ####...
 Olgreb's Toxic Radiance  Pois           #.......     99%         4    #####..
 Petrify                  Tmut/Erth      #.......     99%         4    #####..
 Summon Ice Beast         Ice/Summ       #.......     99%         4    #####..
 Lee's Rapid Deconstruct  Erth           #.........   100%        5    ######.
 Metabolic Englaciation   Hex/Ice        #.........   100%        5    ######.


Dungeon Overview and Level Annotations

Branches:
Dungeon (11/15)            Temple (1/1) D:6            Lair (6/6) D:11
 Shoals (0/4) Lair:3       Spider (1/4) Lair:4        Slime (0/5) Lair:5
  Sewer (visited)         Volcano (visited)
    Orc: D:9-12

Altars:
Ashenzari
Cheibriados
Dithmenos
Elyvilon
Fedhas
Gozag
Hepliaklqana
Kikubaaqudgha
Makhleb
Nemelex Xobeh
Okawaru
Qazlal
Ru
Sif Muna
Trog
Uskayaw
Vehumet
Wu Jian
Xom
Yredelemnul
Zin
Beogh

Shops:
D:4 (   D:7 =

Annotations:
D:9 2 transporters
Lair:4 2 transporters, Cain's ghost, journeyman DsFE


Innate Abilities, Weirdness & Mutations

You can be seen from farther away. (+LOS)
You can swim through water.
You cover ground slowly.
You can hop long distances.
Your spells are easier to cast, but less powerful.


Message History

The tarantella closely misses you. The redback bites you!
* * * LOW HITPOINT WARNING * * *
As you read the scroll labeled JIONAE FYLU, it crumbles to dust.
It is a scroll of enchant weapon.
Your +3 long sword of freezing glows red for a moment.
* * * LOW HITPOINT WARNING * * *
You feel very sick. The tarantella barely misses you.
You riposte.
You miss the tarantella.
The tarantella is severely wounded.
The redback barely misses you. You block the jumping spider's attack.
The jumping spider bites you but does no damage.
The redback closely misses you. You block the redback's attack.
The tarantella misses you.
You riposte.
You closely miss the tarantella. The tarantella completely misses you.
The redback completely misses you. The jumping spider closely misses you.
You riposte.
You slice the jumping spider!! You freeze the jumping spider.
The jumping spider is severely wounded.
You block the jumping spider's attack.
You feel better. The redback bites you!
You die...

...©.............................
##########..P#PP##..............#
#.yyy:# ###......................
y#yyy#...###..............)......
.y###..#.y##.....................
.#.. #.#.###.P..........#........
#..#. ### #..................÷÷..
. y..#...###...ss....##.....÷<...
.% ##..#..##...s@s...............
.#y..#.y.###...ss................
#..©..# ###......................
##########......)................
...©....................##.#...#.
.P..........#####.......#.##.###.
.................................
.#.######..............#.#..#.##.
.#.P#####...............###...P..


You could see a jumping spider, 2 tarantellas, 3 redbacks and a meliai.

Vanquished Creatures
  A dire elephant (Lair:6)
  A fire dragon (Volcano)
  4 hydras
  8 two-headed ogres
  3 death yaks
  A wizard (Lair:6)
  4 ugly things (D:11)
  3 salamanders (Volcano)
  A centaur zombie (D:11)
  3 black mambas
  4 elephants (Lair:5)
  Joseph (D:8)
  An ice statue (Lair:4)
  9 spiny frogs
  Maggie (Lair:1)
  3 rime drakes (Lair:6)
  5 komodo dragons
  4 trolls
  4 merfolk (Lair:3)
  6 dream sheep (Lair:6)
  9 hippogriffs
  Sigmund (D:3)
  A redback (Spider:1)
  A shadow (D:11)
  A wraith (D:10)
  7 wyverns
  3 fire bats (Volcano)
  19 yaks
  2 hungry ghosts
  2 basilisks
  A steam dragon (Volcano)
  3 hell hounds (Lair:6)
  12 water moccasins
  An acid dragon (D:11)
  11 porcupines
  A black bear (D:11)
  2 ice beasts
  6 orc warriors
  4 sky beasts
  2 necrophages
  3 phantoms
  4 wolves (Lair:2)
  12 ogres
  4 centaurs
  14 crocodiles
  A big kobold (D:11)
  14 bullfrogs
  5 scorpions
  6 killer bees (D:5)
  4 wights (D:10)
  2 howler monkeys (D:5)
  3 crimson imps
  4 jellies
  2 hounds
  6 orc priests
  4 bullfrog skeletons
  3 centaur skeletons
  9 orc wizards
  3 iguanas
  7 hell rats
  3 worker ants
  A hound skeleton (D:7)
  5 gnolls
  12 adders
  3 river rats (D:11)
  A shadow imp (D:8)
  4 oozes
  An adder skeleton (D:8)
  4 worms
  3 dart slugs
  4 leopard geckos
  30 orcs
  10 bats
  7 giant cockroaches
  7 goblins
  9 hobgoblins
  6 jackals
  11 kobolds
  7 quokkas
  A ball python (D:2)
  4 frilled lizards
  2 gnoll zombies (D:2)
  6 rats
  A fungus (Lair:5)
  2 plants (Volcano)
410 creatures vanquished.

Vanquished Creatures (others)
  An orc (D:11)
  4 fungi
  46 plants
51 creatures vanquished.

Grand Total: 461 creatures vanquished

Notes
Turn   | Place    | Note
-------+----------+-------------------------------------------
     0 | D:1      | ReteAZ the Barachi Fighter began the quest for the Orb.
     0 | D:1      | Reached XP level 1. HP: 18/18 MP: 1/1
    85 | D:1      | Reached XP level 2. HP: 9/25 MP: 2/2
   403 | D:1      | Reached skill level 3 in Long Blades
   607 | D:2      | Reached XP level 3. HP: 30/30 MP: 3/3
   638 | D:2      | Found a sparkling altar of Nemelex Xobeh.
   639 | D:2      | Found a shattered altar of Ashenzari.
   854 | D:2      | Reached skill level 1 in Dodging
  1032 | D:2      | Reached XP level 4. HP: 34/37 MP: 4/4
  1126 | D:2      | Found a sacrificial altar of Ru.
  1140 | D:2      | Reached skill level 4 in Long Blades
  1181 | D:2      | Found a basalt altar of Yredelemnul.
  1301 | D:3      | Noticed Sigmund
  1386 | D:3      | Killed Sigmund
  1386 | D:3      | Reached XP level 5. HP: 43/43 MP: 5/5
  1386 | D:3      | Reached XP level 6. HP: 49/49 MP: 6/6
  1464 | D:3      | Reached skill level 5 in Long Blades
  1929 | D:3      | Found a glowing silver altar of Zin.
  1935 | D:3      | Became a worshipper of Zin the Law-Giver
  1935 | D:3      | Reached * piety under Zin
  2134 | D:3      | Reached skill level 5 in Armour
  2250 | D:4      | Reached XP level 7. HP: 29/55 MP: 7/7
  2378 | D:4      | Found Direxaaf's Antique Weapon Boutique.
  2411 | D:4      | Reached skill level 5 in Fighting
  2450 | D:4      | Found a glowing drain.
  2455 | Sewer    | Entered a sewer
  2517 | Sewer    | Reached skill level 6 in Long Blades
  2707 | Sewer    | Reached ** piety under Zin
  2916 | D:4      | Got a dazzling leather armour
  2927 | D:4      | Identified the +1 leather armour of the Pleiades {Int+4
                  | SInv} (You found it on level 4 of the Dungeon)
  3227 | D:4      | Reached *** piety under Zin
  3355 | D:4      | Gained mutation: Your spells are a little easier to cast,
                  | but a little less powerful. [potion of mutation]
  3355 | D:4      | Gained mutation: Your spells are easier to cast, but less
                  | powerful. [potion of mutation]
  3360 | D:4      | Reached skill level 5 in Shields
  3361 | D:4      | Reached XP level 8. HP: 11/63 MP: 8/8
  4023 | D:5      | Entered Level 5 of the Dungeon
  4061 | D:5      | Reached skill level 7 in Long Blades
  4563 | D:5      | Noticed a hippogriff
  4582 | D:5      | Killed a hippogriff
  4650 | D:5      | Reached skill level 8 in Long Blades
  4904 | D:5      | Reached XP level 9. HP: 17/71 MP: 9/9
  5352 | D:5      | Found a radiant altar of Vehumet.
  5517 | D:6      | Reached **** piety under Zin
  5628 | D:6      | Reached skill level 5 in Dodging
  5687 | D:6      | Reached skill level 9 in Long Blades
  6337 | D:6      | Found a staircase to the Ecumenical Temple.
  6457 | Temple   | Entered the Ecumenical Temple
  7085 | D:7      | Found Lutsisha's Jewellery Shoppe.
  7233 | D:7      | Noticed a troll
  7251 | D:7      | Killed a troll
  7251 | D:7      | Reached skill level 10 in Long Blades
  8082 | D:8      | Noticed Joseph
  8112 | D:8      | Killed Joseph
  8112 | D:8      | Reached XP level 10. HP: 60/80 MP: 10/10
  8236 | D:8      | Found a shimmering blue altar of Sif Muna.
  8908 | D:9      | Reached skill level 11 in Long Blades
  8930 | D:9      | Got a crude tin ring
  9114 | D:9      | Identified the ring "Rounosmu" {rPois Int+4} (You found it
                  | on level 9 of the Dungeon)
  9227 | D:7      | Bought the amulet "Vujitwio" {Reflect rElec MR+ Int+5 Dex-3
                  | SH+2} for 438 gold pieces
  9590 | D:9      | Found a transporter.
  9596 | D:9      | Found a transporter.
  9597 | D:9      | Found a roughly hewn altar of Beogh.
  9597 | D:9      | Identified the +2 halberd "Athask" {vorpal, rN+ MR+}
  9597 | D:9      | Noticed an orc knight
  9933 | D:10     | Entered Level 10 of the Dungeon
 10568 | D:10     | Noticed a two-headed ogre
 10575 | D:10     | Killed a two-headed ogre
 10575 | D:10     | Reached skill level 12 in Long Blades
 10575 | D:10     | Reached XP level 11. HP: 53/89 MP: 11/11
 10846 | D:10     | Reached ***** piety under Zin
 10858 | D:10     | Noticed a two-headed ogre
 10879 | D:10     | Killed a two-headed ogre
 10989 | D:10     | Reached skill level 1 in Evocations
 10997 | D:10     | Reached skill level 1 in Invocations
 11059 | D:10     | Noticed a two-headed ogre
 11067 | D:10     | Killed a two-headed ogre
 11315 | D:11     | Reached skill level 13 in Long Blades
 11735 | D:11     | Noticed a death yak
 11735 | D:11     | Noticed a death yak
 11742 | D:10     | Reached skill level 10 in Fighting
 11817 | D:11     | Noticed a death yak
 11984 | D:10     | Killed a death yak
 11995 | D:11     | Killed a death yak
 12001 | D:11     | Killed a death yak
 12007 | D:11     | Reached XP level 12. HP: 31/97 MP: 14/14
 12329 | D:11     | Found a staircase to the Lair.
 12875 | D:11     | Reached skill level 14 in Long Blades
 12884 | D:11     | Reached skill level 10 in Shields
 13188 | Lair:1   | Entered Level 1 of the Lair of Beasts
 13236 | Lair:1   | Noticed Maggie
 13249 | Lair:1   | Killed Maggie
 13249 | Lair:1   | Reached skill level 5 in Evocations
 13425 | Lair:1   | Reached skill level 5 in Invocations
 13500 | Lair:1   | Got a smelly ring mail
 13511 | Lair:1   | Identified the +2 ring mail of a Hundred Tales {rC+++ Str+9
                  | Int-2 Slay+3} (You found it on level 1 of the Lair of
                  | Beasts)
 13863 | Lair:2   | Reached ****** piety under Zin
 14635 | Lair:3   | Found a dark tunnel.
 14675 | Volcano  | Entered a volcano
 14829 | Volcano  | Noticed a two-headed ogre
 14846 | Volcano  | Killed a two-headed ogre
 15344 | Volcano  | Gained mutation: You can hop long distances. [Barachi
                  | growth]
 15344 | Volcano  | Reached XP level 13. HP: 50/104 MP: 16/16
 16075 | Volcano  | Noticed a fire dragon
 16098 | Volcano  | Killed a fire dragon
 16430 | Lair:3   | Found a staircase to the Shoals.
 17071 | Lair:3   | Got an encrusted spear
 17072 | Lair:3   | Identified the +5 spear of Bafoam {vorpal, rElec rPois
                  | Str-2 Dex+4} (You found it on level 3 of the Lair of
                  | Beasts)
 17623 | Lair:4   | Found a hole to the Spider Nest.
 17703 | Lair:4   | Found a transporter.
 17706 | Lair:4   | Found a transporter.
 17709 | Lair:4   | Noticed Cain's ghost (journeyman DsFE)
 17982 | Lair:4   | Identified the Compendium of Self-Improvement and the
                  | Glacier
 17991 | Lair:4   | Got an iridescent dagger
 17998 | Lair:4   | Identified the +10 dagger "Atwes" {speed, MR++ Int+2} (You
                  | found it on level 4 of the Lair of Beasts)
 18028 | Lair:4   | You fall into a shaft and drop 1 floor!
 18313 | Lair:5   | Reached skill level 15 in Long Blades
 18966 | Lair:5   | Found a staircase to the Slime Pits.
 19356 | Lair:6   | Entered Level 6 of the Lair of Beasts
 19362 | Lair:6   | Reached skill level 10 in Dodging
 20045 | Lair:6   | Reached XP level 14. HP: 89/115 MP: 17/17
 20552 | Lair:6   | Noticed a dire elephant
 20583 | Lair:6   | Killed a dire elephant
 21263 | Spider:1 | Entered Level 1 of the Spider Nest
 21275 | Lair:4   | HP: 3/115 [poisoned by a redback]
 21276 | Lair:4   | Slain by a redback

Levels and vault maps discovered:
D:1:      wander_arrival_estate, layout_rooms
D:2:      layout_basic, lemuel_zombie_altar_yredelemnul,
          nicolae_ru_great_annihilating_truth, grunt_temple_overflow_open,
          first_ration, minmay_diced_spiral
D:3:      minmay_razor_zed, layout_rooms, zin_scriptorium, uniq_sigmund
D:4:      layout_loops_corners, nicolae_overflow_hidden_temple, serial_shops,
          shop, portal_sewer_entry_e, corexii_item_surrounded_by_moat,
          kennysheep_generic_room_14
D:5:      layout_basic, vehumet_crystals, kennysheep_decorative_pillar,
          grunt_decor_one_mirror, skrybe_limestone_x, kennysheep_generic_room_12
D:6:      layout_loops_cross, minmay_temple_entry_fiery
D:7:      layout_layer_cave, serial_shops, nicolae_shop_stone
D:8:      layout_cave_pools, basic_altar, uniq_joseph
D:9:      gammafunk_beogh_shrine, layout_long_grid
D:10:     layout_roguey, grunt_ogre_cave, kennysheep_crisscross
D:11:     layout_loops_cross, dpeg_lair_monsters
Temple:   regret_index_temple_generic_petals
Lair:1:   layout_misc_corridors, uniq_maggie
Lair:2:   layout_long_grid
Lair:3:   layout_chaotic_city, elwin_shoals_entry_stream,
          nicolae_volcano_entry_two_sided, serial_bayou_shore_b
Lair:4:   statuecave_lemuel, layout_long_grid, dummy_spider_entry,
          gammafunk_ghost_hive, serial_bayou_shore_a
Lair:5:   layout_concentric_octagons, nicolae_slime_entry_slimehenge,
          st_stairs_4
Lair:6:   evil_forest, layout_cave_pods, lemuel_fruit_tree
Spider:1: layout_spider_delve, gammafunk_ghost_berserking_beasts,
          nicolae_looking_at_the_future

Skill      XL: |  1  2  3  4  5  6  7  8  9 10 11 12 13 |
---------------+----------------------------------------+-----
Long Blades    | 3 4 5 6 8 10 12 13 14 15 | 15.5
Armour         | 4 5 6 7 9 |  9.8
Dodging        | 1 2 3 4 6 7 8 10 | 10.5
Fighting       | 4 5 6 8 9 10 12 | 12.2
Shields        | 4 5 6 7 8 9 10 11 | 11.9
Evocations     | 3 5 |  5.0
Invocations    | 2 5 |  5.0

Action                   |  1- 3 |  4- 6 |  7- 9 | 10-12 | 13-15 || total
-------------------------+-------+-------+-------+-------+-------++-------
Melee: Long sword        |   111 |   147 |   516 |   853 |   453 ||  2080
       Glaive            |       |       |       |       |    14 ||    14
Throw: Throwing net      |       |       |     1 |     1 |       ||     2
       Dart              |       |       |    15 |    27 |    10 ||    52
 Abil: Hop               |       |       |     1 |     2 |     1 ||     4
Evoke: Wand              |       |       |     8 |     9 |    12 ||    29
  Use: Potion            |       |     2 |    10 |       |     3 ||    15
       Scroll            |       |       |     3 |    11 |     3 ||    17
 Stab: Paralysed         |       |     1 |       |       |       ||     1
       Held in net/web   |       |       |     1 |     1 |       ||     2
       Sleeping          |       |       |     2 |       |       ||     2
  Eat: Chunk             |     1 |     5 |    13 |    19 |    10 ||    48
       Ration            |       |       |     5 |     2 |     3 ||    10
Armor: Scale mail        |    55 |    54 |    23 |       |     9 ||   141
       Leather armour    |       |       |   133 |     3 |       ||   136
       Pearl dragon scal |       |       |    14 |   173 |       ||   187
       Ring mail         |       |       |       |     9 |    91 ||   100
Dodge: Dodged            |    30 |    53 |   214 |   211 |   268 ||   776
Block: Kite shield       |    66 |    77 |   241 |   372 |   248 ||  1004
       Reflection        |       |       |       |    11 |       ||    11
       Other             |       |       |       |       |     7 ||     7
       Rpst.: Long sword |     8 |    16 |    71 |    62 |    53 ||   210

Table legend:
 A = Non-vault XP
 B = Vault XP
 C = Vault XP percentage of total XP
 D = Non-vault monster count
 E = Vault monster count
 F = Vault count percentage of total count
                 A         B        C        D         E       F
            +---------+---------+-------+---------+---------+-------
      Total |   37495 |   23749 |  38.8 |     307 |     101 |  24.8
            +---------+---------+-------+---------+---------+-------
        D:1 |      31 |       0 |   0.0 |      10 |       0 |   0.0
        D:2 |      56 |      48 |  46.2 |      19 |       7 |  26.9
        D:3 |     158 |     308 |  66.1 |      18 |      17 |  48.6
        D:4 |     584 |       5 |   0.8 |      28 |       1 |   3.4
        D:5 |    1298 |      67 |   4.9 |      21 |       1 |   4.5
        D:6 |     632 |       0 |   0.0 |      14 |       0 |   0.0
        D:7 |     950 |       0 |   0.0 |      14 |       0 |   0.0
        D:8 |     614 |     466 |  43.1 |       7 |       1 |  12.5
        D:9 |    2048 |       0 |   0.0 |      19 |       0 |   0.0
       D:10 |    5709 |    1766 |  23.6 |      34 |       2 |   5.6
       D:11 |    5353 |    2123 |  28.4 |      37 |      10 |  21.3
     Lair:1 |    1959 |     376 |  16.1 |      12 |       1 |   7.7
     Lair:2 |    1789 |       0 |   0.0 |      10 |       0 |   0.0
     Lair:3 |    2719 |    1215 |  30.9 |      14 |       4 |  22.2
     Lair:4 |    1458 |     442 |  23.3 |      14 |       1 |   6.7
     Lair:5 |    6419 |     359 |   5.3 |      16 |       7 |  30.4
     Lair:6 |    5502 |    6584 |  54.5 |      19 |      16 |  45.7
   Spider:1 |     216 |       0 |   0.0 |       1 |       0 |   0.0
      Sewer |       0 |     113 | 100.0 |       0 |       6 | 100.0
    Volcano |       0 |    9877 | 100.0 |       0 |      27 | 100.0
            +---------+---------+-------+---------+---------+-------
